 Dungeon Crawl Stone Soup version 0.29-a0-997-gf6f7e2dfe7 (webtiles) character file.

Game seed: 4573750577746938423

441 Newt the Chopper (level 6, -1/45 HPs)
             Began as a Demonspawn Gladiator on Aug 4, 2022.
             Slain by Natasha (3 damage)
             ... on level 3 of the Dungeon.
             The game lasted 00:04:26 (2581 turns).

Newt the Chopper (Demonspawn Gladiator)             Turns: 2581, Time: 00:04:27

Health: -1/45      AC: 12    Str: 16    XL:     6   Next: 70%
Magic:  6/6        EV:  1    Int: 10    God:
Gold:   136        SH: 16    Dex: 12    Spells: 5/5 levels left

rFire   . . .      SeeInvis .   a - +0 war axe
rCold   . . .      Faith    .   j - +0 tower shield
rNeg    . . .      Spirit   .   h - +0 plate armour
rPois   .          Reflect  .   c - +0 helmet
rElec   .          Harm     .   (no cloak)
rCorr   .          Rampage  .   (no gloves)
Will    +....                   o - +0 pair of boots
Stlth   ..........              (no amulet)
HPRegen 0.15/turn               f - ring of flight
MPRegen 0.20/turn               (no ring)

@: silenced, flying
A: large bone plates 1, powered by pain 1, magic regeneration, clumsy 1,
strong-willed 1
a: no special abilities


You were on level 3 of the Dungeon.
You visited 1 branch of the dungeon, and saw 3 of its levels.

You collected 136 gold pieces.

Inventory:

Hand Weapons
 a - a +0 war axe (weapon)
Missiles
 d - 3 throwing nets (quivered)
Armour
 b - a +0 leather armour
 c - a +0 helmet (worn)
 h - a +0 plate armour (worn)
 j - a +0 tower shield (worn)
 o - a +0 pair of boots (worn)
Jewellery
 f - a ring of flight (left hand)
Scrolls
 m - a scroll of immolation {unknown}
 n - a scroll of teleportation {unknown}
 p - a scroll of magic mapping {unknown}
 q - a scroll of enchant weapon {unknown}
 r - a scroll of fog


   Skills:
 + Level 2.3 Fighting
 + Level 4.9 Axes
 * Level 3.0 Throwing
 + Level 1.6 Armour
 + Level 3.0 Dodging
 + Level 2.7 Shields


You had 5 spell levels left.
You didn't know any spells.
Your spell library was empty.

Dungeon Overview and Level Annotations

Branches:
Dungeon (3/15)

Altars:
Makhleb

Annotations:
D:3 Natasha


Innate Abilities, Weirdness & Mutations

You are partially covered in large bone plates. (SH +4)
You sometimes gain a little power by taking damage.
You regenerate magic rapidly.
You are clumsy. (Dex -2)
You are strong-willed. (Will+)


Message History

You kill the orc wizard!
Something hits you but does no damage. The orc hits you with a +0 whip.
The orc hits you but does no damage. Something hits you but does no damage.
The hobgoblin hits you but does no damage.
The orc hits you with a +0 dagger.
* * * LOW HITPOINT WARNING * * *
The orc hits you but does no damage.
You hit something. You hit the orc. You barely miss the hobgoblin.
You miss the orc. The orc hits you with a +0 whip.
* * * LOW HITPOINT WARNING * * *
Something hits you but does no damage. The orc hits you but does no damage.
The hobgoblin hits you but does no damage.
Unknown command.
Something hits you but does no damage.
You feel less confused.
There is an open door here.
Something hits you.
* * * LOW HITPOINT WARNING * * *
Something hits you but does no damage. Something hits you but does no damage.
The orc throws a boomerang of dispersal.
The boomerang of dispersal hits you.
* * * LOW HITPOINT WARNING * * *
You blink.
A puff of flame appears from out of thin air!
The puff of flame hits you.
* * * LOW HITPOINT WARNING * * *
Natasha, Servant of Life and Death comes into view.
Natasha hisses angrily.
As you read the scroll labelled DANNIASARPH, it crumbles to dust.
A profound silence engulfs you.
It was a scroll of silence.
A magic dart appears from out of thin air!
The magic dart hits you.
* * * LOW HITPOINT WARNING * * *
Something hits you but does no damage.
The orc throws a boomerang of dispersal.
The boomerang of dispersal hits you but does no damage.
You hit something but do no damage. Something completely misses you.
Natasha claws you.
You die...

#.................
########.#####... #..#
##.# #### #.# ...# #.#
...# #.# ..# ...# #h##
#..# ..## #.@# #..#
#..... ..# ##o###..#
#..... ..# ###..##..#
#..... ..# #..og##..#
#..... ..####
#.....#..# #.....
.....+ +........#
#..... ...###
#...#.#.#######g)...
.....+
'..'...'.........oo....
..###
####...##..#######.....


You could see Natasha, 2 orcs and a hobgoblin.

Vanquished Creatures
  Sigmund (D:2)
  A bullfrog (D:3)
  An orc priest (D:3)
  Natasha (D:3)
  2 orc wizards (D:3)
  3 adders (D:3)
  3 worms
  3 dart slugs
  7 orcs (D:3)
  3 ball pythons (D:2)
  3 endoplasms
  3 giant cockroaches (D:1)
  4 goblins
  7 hobgoblins
  5 jackals (D:2)
  5 kobolds
  2 quokkas
  2 bats
  2 frilled lizards
  5 rats
63 creatures vanquished.

Vanquished Creatures (others)
  3 fungi (D:3)
  8 plants (D:3)
11 creatures vanquished.

Grand Total: 74 creatures vanquished

Notes
Turn   | Place    | Note
-------+----------+-------------------------------------------
     0 | D:1      | Newt the Demonspawn Gladiator began the quest for the Orb.
     0 | D:1      | Reached XP level 1. HP: 16/16 MP: 1/1
    88 | D:1      | Reached skill level 3 in Axes
   238 | D:1      | Gained mutation: You are partially covered in large bone
                  | plates. (SH +4) [demonic ancestry]
   238 | D:1      | Reached XP level 2. HP: 22/22 MP: 2/2
   764 | D:2      | Found a faded altar of an unknown god.
   799 | D:2      | Gained mutation: You regenerate magic rapidly. [demonic
                  | ancestry]
   799 | D:2      | Reached XP level 3. HP: 23/27 MP: 3/3
  1162 | D:2      | Gained mutation: You are clumsy. (Dex -2) [potion of
                  | mutation]
  1162 | D:2      | Gained mutation: You are strong-willed. (Will+) [potion of
                  | mutation]
  1295 | D:2      | Noticed Sigmund
  1303 | D:2      | Killed Sigmund
  1304 | D:2      | Reached skill level 4 in Axes
  1304 | D:2      | Reached skill level 1 in Armour
  1304 | D:2      | Reached skill level 1 in Shields
  1304 | D:2      | Reached XP level 4. HP: 33/33 MP: 4/4
  1304 | D:2      | Reached XP level 5. HP: 38/38 MP: 5/5
  1615 | D:3      | Gained mutation: You sometimes gain a little power by
                  | taking damage. [demonic ancestry]
  1615 | D:3      | Reached XP level 6. HP: 8/44 MP: 6/6
  1994 | D:3      | Noticed Natasha
  2020 | D:3      | Killed Natasha
  2299 | D:3      | Found a burning altar of Makhleb.
  2576 | D:3      | Noticed Natasha
  2578 | D:3      | HP: 1/45 [something/magic dart (3)]
  2581 | D:3      | Slain by Natasha

Illustrated notes

Levels and vault maps discovered:
D:1:      saegor_arrival_simple_a, layout_basic, chequers_serial_rivers_room_a
D:2:      layout_loops_ring, ebering_ecumenical_altar_petrified, uniq_sigmund
D:3:      layout_basic, mainiacjoe_overflow_chevrons, uniq_natasha

Skill      XL: |  1  2  3  4  5  6 |
---------------+-------------------+-----
Axes           | 3 4 |  4.9
Throwing       | 2 3 |  3.0
Dodging        | 3 |  3.0
Armour         | 1 |  1.6
Shields        | 1 2 |  2.7
Fighting       | |  2.3

Action                   |  1- 3 |  4- 6 || total
-------------------------+-------+-------++-------
Melee: War axe           |    92 |   127 ||   219
Throw: Javelin           |     1 |     1 ||     2
  Use: Scroll            |     3 |     2 ||     5
       Potion            |     2 |     1 ||     3
Armor: Plate armour      |    51 |    86 ||   137
Dodge: Dodged            |     5 |     7 ||    12
Block: Tower shield      |    61 |   113 ||   174

Table legend: (Time is in decaauts)
 A = Elapsed time spent in this place.
 B = Non-inter-level travel time spent in this place.
 C = Inter-level travel time spent in this place.
 D = Time resting spent in this place.
 E = Time spent auto-exploring this place.
 F = Levels seen in this place.
 G = Mean time per level.
                   A        B        C        D        E       F      G
               +--------+--------+--------+--------+--------+-----+--------+
         Total |   2732 |   2701 |     31 |    551 |   1547 |   3 |  910.7 |
       Dungeon |   2732 |   2701 |     31 |    551 |   1547 |   3 |  910.7 |
               +--------+--------+--------+--------+--------+-----+--------+

Top non-repeatable levels by time:
     D:3: 1179 daAuts
     D:1: 794 daAuts
     D:2: 758 daAuts
